 Dungeon Crawl Stone Soup version 0.28-a0-413-gde365fb1df (webtiles) character file.

Game seed: 4061932546088984910

39 robertstho the Magician (level 3, -1/26 HPs)
             Began as a Djinni Fire Elementalist on Sept 7, 2021.
             Slain by a kobold (4 damage)
             ... on level 2 of the Dungeon.
             The game lasted 00:01:44 (2030 turns).

robertstho the Magician (Djinni Fire Elementalist)  Turns: 2030, Time: 00:01:45

Health: -1/26      AC:  2    Str:  7    XL:     3   Next: 67%
Gold:   59         EV: 12    Int: 17    God:
                   SH:  0    Dex: 13

rFire   + + .      SeeInvis .   d - +0 dagger
rCold   x . .      Faith    .   (no shield)
rNeg    . . .      Spirit   .   a - +0 robe
rPois   ∞          Reflect  .   (no helmet)
rElec   .          Harm     .   (no cloak)
rCorr   .          Rampage  .   (no gloves)
Will    .....                   (boots unavailable)
Stlth   ++........              (no amulet)
HPRegen 0.08/turn               (no ring)
MPRegen 0.00/turn               (no ring)

@: flying
A: sickness immunity, fire resistance 2, cold vulnerability 1, float, innate
caster, hp casting, extra vitality 1
a: no special abilities


You were on level 2 of the Dungeon.
You visited 1 branch of the dungeon, and saw 2 of its levels.

You collected 59 gold pieces.

Inventory:

Hand Weapons
 d - a +0 dagger (weapon)
Armour
 a - a +0 robe (worn)
Jewellery
 f - an amulet of reflection
Scrolls
 e - a scroll of teleportation {unknown}
Potions
 b - a potion of brilliance {unknown}
 c - a potion of attraction {unknown}


   Skills:
 * Level 0.6 Fighting
 + Level 2.2 Dodging
 + Level 1.6 Stealth
 * Level 3.3 Spellcasting


You couldn't memorise any spells.
You knew the following spells:

 Your Spells              Type           Power      Damage    Failure   Level
a - Foxfire               Conj/Fire      56%        2x1d6     4%          1
b - Scorch                Fire           28%        2d6       7%          2
c - Conjure Flame         Conj/Fire      14%        6-21      13%         3
d - Inner Flame           Hex/Fire       14%        N/A       13%         3
e - Flame Wave            Conj/Fire      14%        3d5       41%         4
f - Sting                 Tmut/Pois      56%        1d5       4%          1
Your spell library was empty.

Dungeon Overview and Level Annotations

Branches:
Dungeon (2/15)

Altars:
Fedhas

Annotations:
D:2 Natasha


Innate Abilities, Weirdness & Mutations

You are immune to sickness and miasma.
You are immune to poison.
Your flesh is very heat resistant. (rF++)
You are vulnerable to cold. (rC-)
You float through the air rather than walking.
You learn spells naturally, not from books.
Your magical power is your life essence.
You have superior vitality. (+4 HP)


Message History

* * * LOW HITPOINT WARNING * * *
The goblin shouts!
The foxfire hits the goblin.
The goblin is moderately wounded.
The foxfire hits the goblin.
You kill the goblin!
The foxfire hits the adder.
The adder is heavily wounded.
The foxfire hits the kobold.
The kobold is severely wounded.
Casting: Foxfire (safe; 4% risk of failure)
Press: ? - help, Q - select action, (/) - cycle Dir - look around, f - activate You conjure some foxfire!
* * * LOW HITPOINT WARNING * * *
The foxfire hits the adder.
The adder is almost dead.
The foxfire hits the rat.
The rat is heavily wounded.
Casting: Foxfire (safe; 4% risk of failure)
Press: ? - help, Q - select action, (/) - cycle Dir - look around, f - activate You conjure some foxfire!
* * * LOW HITPOINT WARNING * * *
The foxfire hits the adder.
You kill the adder!
The foxfire hits the rat.
You kill the rat!
Casting: Foxfire (safe; 4% risk of failure)
Press: ? - help, Q - select action, (/) - cycle Dir - look around, f - activate You conjure some foxfire!
* * * LOW HITPOINT WARNING * * *
The foxfire hits the kobold but does no damage.
The kobold is heavily wounded.
The foxfire hits the kobold.
The kobold is severely wounded.
Casting: Foxfire (safe; 4% risk of failure)
Press: ? - help, Q - select action, (/) - cycle Dir - look around, f - activate You conjure some foxfire!
* * * LOW HITPOINT WARNING * * *
The kobold hits you with a +0 short sword.
You die...

.....).#
.....
......(#
......
.....##......
#..........
#..........
#..........
#..........
#.K........
#§@........
#vv........
#####
###########
##...####
#.......###
#####
#.#.......##
#.....
#.###......#
##.....# #.#
####...##
#..._... #.#
##...#
#.......


You could see a kobold (ally target).

Vanquished Creatures
  An adder (D:2)
  5 bats (D:1)
  2 endoplasms
  2 giant cockroaches
  3 hobgoblins
  3 kobolds
  A quokka (D:1)
  6 goblins
  4 rats
27 creatures vanquished.

Vanquished Creatures (others)
  117 foxfires
117 creatures vanquished.

Grand Total: 144 creatures vanquished

Notes
Turn   | Place    | Note
-------+----------+-------------------------------------------
     0 | D:1      | robertstho the Djinni Fire Elementalist began the quest for
                  | the Orb.
     0 | D:1      | Reached XP level 1. HP: 15/15 MP: 0/0
   405 | D:1      | Reached XP level 2. HP: 18/21 MP: 0/0
   933 | D:1      | Reached skill level 3 in Spellcasting
  1594 | D:2      | Reached XP level 3. HP: 23/26 MP: 0/0
  1594 | D:2      | Learned a level 1 spell: Sting
  1735 | D:2      | Found a blossoming altar of Fedhas.
  1997 | D:2      | Noticed Natasha
  2030 | D:2      | Slain by a kobold

Illustrated notes

Levels and vault maps discovered:
D:1:      minmay_arrival_stair_chambers, layout_basic
D:2:      layout_basic, serial_curves, eino_curves_02, eino_curves_04,
          basic_altar, uniq_natasha

Skill      XL: |  1  2 |
---------------+-------+-----
Spellcasting   | 3 |  3.3
Fighting       | |  0.6
Dodging        | |  2.2
Stealth        | |  1.6

Action                   || total
-------------------------++-------
Melee: Unarmed           ||     2
 Cast: Foxfire           ||    71
Armor: Robe              ||     2
Dodge: Dodged            ||    13

Table legend: (Time is in decaauts)
 A = Elapsed time spent in this place.
 B = Non-inter-level travel time spent in this place.
 C = Inter-level travel time spent in this place.
 D = Time resting spent in this place.
 E = Time spent auto-exploring this place.
 F = Levels seen in this place.
 G = Mean time per level.
                   A        B        C        D        E       F      G
               +--------+--------+--------+--------+--------+-----+--------+
         Total |   2029 |   1931 |     98 |      0 |   1745 |   2 | 1014.5 |
       Dungeon |   2029 |   1931 |     98 |      0 |   1745 |   2 | 1014.5 |
               +--------+--------+--------+--------+--------+-----+--------+

Top non-repeatable levels by time:
     D:1: 1580 daAuts
     D:2: 448 daAuts
